 Dungeon Crawl Stone Soup version 0.29-a0-839-g4793fd635e (webtiles) character file.

Game seed: 3402622622928943260

20832 Ijustatesigmund the Epochal (level 12, -2/112 HPs)
             Began as a Hill Orc Monk on July 14, 2022.
             Was an Elder of Cheibriados.
             Slain by a wolf spider (6 damage)
             ... summoned by a broodmother
             ... on level 13 of the Dungeon.
             The game lasted 00:25:31 (17984 turns).

Ijustatesigmund the Epochal (Hill Orc Monk)        Turns: 17984, Time: 00:25:31

Health: -2/112     AC: 12    Str: 24    XL:     12   Next: 83%
Magic:  19/22      EV: 15    Int: 26    God:    Cheibriados [****..]
Gold:   1136       SH:  0    Dex: 22    Spells: 17/19 levels left

rFire   . . .      SeeInvis .   D - +1 battleaxe (flame)
rCold   . . .      Faith    .   (shield currently unavailable)
rNeg    . . .      Spirit   .   b - +0 troll leather armour
rPois   .          Reflect  .   P - +0 helmet {Int+3}
rElec   .          Harm     .   q - +0 cloak
rCorr   +          Rampage  .   (no gloves)
Will    .....                   r - +0 pair of boots
Stlth   ++........              B - amulet of magic regeneration
HPRegen 1.08/turn               l - +4 ring of protection
MPRegen 0.58/turn               o - ring of resist corrosion

@: very slow
A: iridescent scales 1, deformed body
a: Renounce Religion, Bend Time, Temporal Distortion, Slouch


You were on level 13 of the Dungeon.
You worshipped Cheibriados.
Cheibriados was greatly pleased with you.
You visited 2 branches of the dungeon, and saw 14 of its levels.

You collected 1226 gold pieces.
You spent 90 gold pieces at shops.

Inventory:

Hand Weapons
 a - a +3 vorpal hand axe
 D - a +1 battleaxe of flaming (weapon)
Missiles
 G - 3 throwing nets (quivered)
Armour
 b - a +0 troll leather armour (worn)
 q - a +0 cloak (worn)
 r - a +0 pair of boots (worn)
 P - a +0 helmet of intelligence (worn)
Magical Staves
 v - a staff of poison
 H - a staff of earth
Jewellery
 l - a +4 ring of protection (left hand)
 o - a ring of resist corrosion (right hand)
 B - an amulet of magic regeneration (around neck)
 C - a ring of positive energy
 I - a ring of magical power
 J - a ring of willpower
 L - a ring of flight
 M - a ring of fire
 N - a +6 ring of strength
 O - a +6 ring of intelligence
 R - a ring of positive energy
 T - a ring of poison resistance
Wands
 x - a wand of roots (12)
 y - a wand of quicksilver (1)
 z - a wand of digging (4)
 F - a wand of mindburst (4)
 K - a wand of flame (14)
 Q - a wand of paralysis (1)
Scrolls
 d - a scroll of teleportation
 j - 3 scrolls of magic mapping
 k - a scroll of fog
 m - 2 scrolls of fear
 n - a scroll of brand weapon
 p - 3 scrolls of silence
 s - 9 scrolls of identify
 u - 2 scrolls of blinking
 w - 2 scrolls of amnesia
 E - 3 scrolls of immolation
 V - a scroll of acquirement {unknown}
Potions
 c - 3 potions of ambrosia
 e - 5 potions of curing
 f - 5 potions of attraction
 g - 5 potions of lignification
 h - 3 potions of flight
 i - 3 potions of cancellation
 t - 7 potions of haste
 A - a potion of brilliance
 S - a potion of berserk rage {unknown}
 U - 2 potions of resistance {unknown}


   Skills:
 - Level 11.8 Fighting
 - Level 12.8 Axes
 - Level 5.5 Armour
 - Level 5.2 Dodging
 - Level 1.5 Stealth
 + Level 4.2 Spellcasting
 - Level 4.3 Translocations
 - Level 13.7 Invocations
 + Level 5.6 Evocations


You had 17 spell levels left.
You knew the following spells:

 Your Spells              Type           Power      Damage    Failure   Level
a - Blink                 Tloc           56%        N/A       2%          2

Your spell library contained the following spells:

 Spells                   Type           Power      Damage    Failure   Level
 Freeze                   Ice            20%        1d4       10%         1
 Summon Small Mammal      Summ           20%        N/A       10%         1
 Portal Projectile        Hex/Tloc       32%        N/A       12%         3
 Ensorcelled Hibernation  Hex/Ice        10%        N/A       14%         2
 Passwall                 Tmut/Erth      4%         N/A       14%         2
 Static Discharge         Conj/Air       5%         3-4/arc   14%         2
 Call Canine Familiar     Summ           5%         N/A       28%         3
 Dazzling Flash           Conj/Hex       10%        N/A       28%         3
 Frozen Ramparts          Ice            10%        1d3       28%         3
 Ignite Poison            Fire/Tmut/Pois 5%         N/A       28%         3
 Mephitic Cloud           Conj/Pois/Air  5%         N/A       28%         3
 Spider Form              Tmut/Pois      5%         N/A       28%         3
 Summon Guardian Golem    Hex/Summ       5%         N/A       28%         3
 Swiftness                Air            5%         N/A       28%         3
 Iskenderun's Mystic Bla  Conj/Tloc      16%        2d5       36%         4
 Manifold Assault         Tloc           28%        N/A       41%         5
 Anguish                  Hex/Necr       2%         N/A       67%         4
 Hailstorm                Conj/Ice       5%         3d4       67%         4
 Ice Form                 Ice/Tmut       5%         N/A       67%         4
 Leda's Liquefaction      Hex/Erth       2%         N/A       67%         4
 Summon Ice Beast         Ice/Summ       5%         N/A       67%         4
 Freezing Cloud           Conj/Ice/Air   2%         6-21      95%         5
 Lightning Bolt           Conj/Air       2%         1d14      95%         5
 Simulacrum               Ice/Necr       2%         N/A       100%        6
 Starburst                Conj/Fire      2%         6d3       100%        6
 Storm Form               Tmut/Air       2%         N/A       100%        7
 Maxwell's Capacitive Co  Air            2%         ∞         100%        8
 Polar Vortex             Ice            2%         N/A       100%        9


Dungeon Overview and Level Annotations

Branches:
Dungeon (13/15)            Temple (1/1) D:5            Lair (0/6) D:11
    Orc (0/2) D:12
 Vaults: D:13-14

Altars:
Ashenzari
Cheibriados
Dithmenos
Elyvilon
Fedhas
Gozag
Hepliaklqana
Kikubaaqudgha
Makhleb
Nemelex Xobeh
Okawaru
Qazlal
Ru
Sif Muna
Trog
Uskayaw
Vehumet
Wu Jian
Xom
Yredelemnul
Zin
The Shining One

Shops:
D:4 *   D:10 :

Annotations:
D:5 3 runed translucent doors, fly's ghost, weakling FoDe
D:10 1 runed translucent door, NoAnimeNoLife's ghost, journeyman DsFi


Innate Abilities, Weirdness & Mutations

You are partially covered in iridescent scales. (AC +2)
Armour fits poorly on your strangely shaped body.


Message History

You are too injured to fight recklessly!
You are too injured to fight recklessly!
You are too injured to fight recklessly!
You are too injured to fight recklessly!
You are too injured to fight recklessly!
Unknown command.
You feel better.
The jumping spider leaps!
The broodmother bites you!!
A spider bursts forth from the wound!
The redback completely misses you. The redback misses you.
The jumping spider leaps!
The broodmother barely misses you.
Activating: Slouch (1% risk of failure)
Press: ? - help, Dir - look around, f - activate You can feel time thicken for a moment.
You kill the jumping spider!
The jumping spider's corpse disappears in a puff of smoke!
You kill the redback!
The redback's corpse disappears in a puff of smoke!
You kill the redback!
The redback's corpse disappears in a puff of smoke!
You kill the jumping spider!
The jumping spider's corpse disappears in a puff of smoke!
Cheibriados lowers the support of your attributes as your movement quickens.
The wolf spider hits you. The wolf spider closely misses you.
The broodmother bites you but does no damage.
The wolf spider hits you!
* * * LOW HITPOINT WARNING * * *
The wolf spider bites you but does no damage.
You completely miss the broodmother.
The broodmother is severely wounded.
You barely miss the wolf spider.
The broodmother bites you but does no damage.
The wolf spider hits you.
* * * LOW HITPOINT WARNING * * *
The wolf spider barely misses you.
You hit the broodmother but do no damage.
The broodmother is severely wounded.
You hit the wolf spider. You burn the wolf spider. The wolf spider hits you!!
* * * LOW HITPOINT WARNING * * *
The wolf spider bites you.
You die...

...... ..... .... §...
.§..
##########.#..############
#<....s..s.#............#.
#.......s@§#............#.
#.........§#............#.
#.....§....#............#.
#..........#............#.
#.....######....#..######.
#.............).#.........
#...............#.........
#...............#.........
#...............#.........


You could see a broodmother, a wolf spider (summoned) and an orb spider
(summoned).

Vanquished Creatures
  2 hydras (D:12)
  A centaur warrior (D:8)
  2 boulder beetles
  3 two-headed ogres
  A deep elf pyromancer (D:13)
  2 ugly things (D:12)
  3 manticores
  A cyclops (D:12)
  A manticore (shapeshifter) (D:13)
  3 gargoyles
  2 unseen horrors
  3 komodo dragons
  3 hornets
  3 trolls (D:10)
  9 slime creatures
  2 shadows
  A wraith (D:11)
  2 wyverns (D:8)
  4 yaks (D:9)
  3 steam dragons (D:8)
  3 vampire mosquitoes (D:10)
  The ghost of astraldaughter the Changer, an amateur PaTm (D:4)
  2 wargs (D:11)
  2 acid dragons
  A water moccasin (D:8)
  3 ice beasts
  7 orc warriors
  A swamp drake (D:12)
  3 sky beasts
  2 ogres
  2 centaurs
  2 phantoms
  3 kobold brigands (D:8)
  9 bullfrogs
  A gnoll sergeant (D:9)
  2 necrophages
  3 scorpions
  19 wights
  6 killer bees (D:8)
  3 howler monkeys
  8 orc priests
  A gnoll bouda (D:8)
  2 hounds
  Jessica (D:2)
  Terence (D:3)
  2 iguanas
  10 orc wizards
  8 adders
  8 gnolls
  3 shadow imps
  A white imp (D:8)
  An ufetubus (D:5)
  A worm (D:2)
  38 orcs
  5 ball pythons
  4 bats
  2 endoplasms
  2 giant cockroaches (D:1)
  5 goblins
  7 hobgoblins
  3 quokkas
  2 frilled lizards (D:1)
  7 kobolds
248 creatures vanquished.

Notes
Turn   | Place    | Note
-------+----------+-------------------------------------------
     0 | D:1      | Ijustatesigmund the Hill Orc Monk began the quest for the
                  | Orb.
     0 | D:1      | Reached XP level 1. HP: 19/19 MP: 1/1
   195 | D:1      | Found a faded altar of an unknown god.
   341 | D:1      | Reached XP level 2. HP: 27/27 MP: 2/2
  1128 | D:2      | Noticed Jessica
  1141 | D:2      | Killed Jessica
  1142 | D:2      | Reached skill level 5 in Axes
  1142 | D:2      | Reached XP level 3. HP: 20/34 MP: 3/3
  2466 | D:2      | Reached XP level 4. HP: 22/41 MP: 4/4
  2483 | D:2      | Reached skill level 5 in Fighting
  2483 | D:2      | Reached skill level 1 in Armour
  3130 | D:3      | Noticed Terence
  3145 | D:3      | Killed Terence
  3146 | D:3      | Reached XP level 5. HP: 42/48 MP: 5/5
  3312 | D:3      | Found an ornate altar of the Wu Jian Council.
  3886 | D:4      | Found Xumuanouff's General Store.
  3892 | D:4      | Bought a scroll of magic mapping for 90 gold pieces
  4026 | D:4      | Found a runed translucent door.
  4031 | D:4      | Noticed astraldaughter's ghost (amateur PaTm)
  4043 | D:4      | Reached XP level 6. HP: 43/57 MP: 6/6
  4047 | D:4      | Killed astraldaughter's ghost
  4156 | D:4      | Reached XP level 7. HP: 53/64 MP: 7/7
  4699 | D:5      | Entered Level 5 of the Dungeon
  4784 | D:5      | Noticed fly's ghost (weakling FoDe)
  4794 | D:5      | Found a runed translucent gate.
  4794 | D:5      | Found a runed translucent gate.
  4794 | D:5      | Found a runed translucent gate.
  4803 | D:5      | Reached XP level 8. HP: 53/73 MP: 8/8
  4865 | D:5      | Reached skill level 5 in Armour
  5449 | D:5      | Found a hazy altar of Hepliaklqana.
  5564 | D:5      | Found a staircase to the Ecumenical Temple.
  5613 | Temple   | Entered the Ecumenical Temple
  5782 | Temple   | Became a worshipper of Cheibriados the Contemplative
  5782 | Temple   | Reached * piety under Cheibriados
  5782 | Temple   | Reached ** piety under Cheibriados
  6078 | D:6      | Reached skill level 1 in Invocations
  6190 | D:6      | Reached skill level 2 in Invocations
  6581 | D:7      | Reached skill level 3 in Invocations
  6594 | D:7      | Reached skill level 4 in Invocations
  6695 | D:7      | Reached XP level 9. HP: 76/81 MP: 12/12
  6732 | D:7      | Reached skill level 5 in Invocations
  7518 | D:7      | Identified the +2 falchion of Deformation {holy, Stlth+}
  7736 | D:7      | Reached skill level 6 in Invocations
  8005 | D:8      | Reached skill level 5 in Dodging
  8006 | D:8      | Reached skill level 7 in Invocations
  8139 | D:8      | Learned a level 2 spell: Blink
  8247 | D:8      | Reached *** piety under Cheibriados
  8255 | D:8      | Reached skill level 1 in Translocations
  8265 | D:8      | Reached skill level 8 in Invocations
  8752 | D:8      | Reached XP level 10. HP: 64/88 MP: 16/16
  9071 | D:8      | Noticed a two-headed ogre
  9095 | D:8      | Reached skill level 9 in Invocations
  9228 | D:8      | Paralysed by a hornet for 3 turns
  9232 | D:8      | Paralysed by a hornet for 3 turns
  9573 | D:8      | HP: 3/88 [two-headed ogre/+0 giant spiked club (19)]
  9573 | D:8      | HP: 1/88 [wyvern (2)]
  9846 | D:9      | Reached **** piety under Cheibriados
  9902 | D:9      | Reached skill level 10 in Invocations
 10791 | D:9      | Reached skill level 11 in Invocations
 11419 | D:9      | Reached skill level 10 in Axes
 11478 | D:9      | Found an iron altar of Okawaru.
 11479 | D:9      | Found a stormy altar of Qazlal.
 11480 | D:9      | Found a shimmering blue altar of Sif Muna.
 11480 | D:9      | Found a basalt altar of Yredelemnul.
 11671 | D:10     | Entered Level 10 of the Dungeon
 11674 | D:10     | Noticed a gargoyle
 11684 | D:10     | Killed a gargoyle
 11685 | D:10     | Reached XP level 11. HP: 45/97 MP: 19/19
 12927 | D:10     | Found Deuf Mue's Book Shoppe.
 12945 | D:10     | Found a runed translucent door.
 12945 | D:10     | Found a shimmering altar of Xom.
 12945 | D:10     | Noticed NoAnimeNoLife's ghost (journeyman DsFi)
 12945 | D:10     | Noticed a +2 dire flail of chaos
 13005 | D:10     | Reached skill level 10 in Fighting
 13005 | D:10     | Reached skill level 12 in Invocations
 13273 | D:8      | Killed a two-headed ogre
 13430 | D:8      | Noticed a boulder beetle
 13431 | D:8      | Paralysed by a hornet for 1 turns
 13453 | D:8      | Noticed a centaur warrior
 13457 | D:8      | Killed a centaur warrior
 13459 | D:8      | Killed a boulder beetle
 13875 | D:11     | Noticed a manticore
 13884 | D:11     | Killed a manticore
 14133 | D:11     | Found a staircase to the Lair.
 14735 | D:11     | Reached skill level 13 in Invocations
 14855 | D:11     | Noticed a two-headed ogre
 14861 | D:11     | Killed a two-headed ogre
 15334 | D:12     | Noticed a cyclops
 15399 | D:12     | Killed a cyclops
 15400 | D:12     | Reached XP level 12. HP: 77/110 MP: 22/22
 15849 | D:12     | Noticed a seven-headed hydra
 15864 | D:12     | Killed a three-headed hydra
 15865 | D:12     | Reached skill level 1 in Spellcasting
 15865 | D:12     | Reached skill level 1 in Evocations
 16208 | D:12     | Noticed a two-headed ogre
 16214 | D:12     | Killed a two-headed ogre
 16400 | D:12     | Noticed a boulder beetle
 16413 | D:12     | Killed a boulder beetle
 16449 | D:12     | Noticed a four-headed hydra
 16457 | D:12     | Killed a one-headed hydra
 17047 | D:12     | Found a staircase to the Orcish Mines.
 17089 | D:12     | Gained mutation: You are frail. (-10% HP) [potion of
                  | mutation]
 17089 | D:12     | Gained mutation: You are resistant to electric shocks.
                  | (rElec) [potion of mutation]
 17090 | D:12     | Lost mutation: You are frail. (-10% HP) [potion of
                  | mutation]
 17090 | D:12     | Lost mutation: You are resistant to electric shocks.
                  | (rElec) [potion of mutation]
 17090 | D:12     | Gained mutation: Armour fits poorly on your strangely
                  | shaped body. [potion of mutation]
 17090 | D:12     | Gained mutation: You are partially covered in iridescent
                  | scales. (AC +2) [potion of mutation]
 17203 | D:13     | Reached skill level 5 in Evocations
 17969 | D:13     | Noticed a broodmother
 17984 | D:13     | HP: 4/112 [wolf spider[a broodmother] (18)]
 17984 | D:13     | Slain by a wolf spider

Illustrated notes

Levels and vault maps discovered:
D:1:      nzn_arrival_settlement, layout_basic,
          dreamdust_ecumenical_altar_statues
D:2:      layout_basic, columned_hall_lemuel, grunt_ministairs_10,
          minmay_tetromino_s2, uniq_jessica
D:3:      layout_basic, nicolae_wu_jian_glorious_leap, uniq_terence
D:4:      layout_basic, serial_shops, nicolae_shop_waterfront,
          ebering_ghost_sewer_d
D:5:      layout_loops_ring, mainiacjoe_overflow_paths,
          minmay_temple_entry_overgrown, gammafunk_ghost_split
D:6:      layout_rooms
D:7:      layout_cave_pods
D:8:      kennysheep_windowed_halls, layout_basic, minmay_statues_item,
          minmay_fractal_squares_5
D:9:      layout_basic, mainiacjoe_overflow_alcove_3
D:10:     cheibrodos_helix_gallery, layout_stronghold, ebering_ghost_xom,
          serial_shops, nicolae_diamond_shop
D:11:     layout_grid_maze, erik_lair_orcish_takeover
D:12:     layout_roguey, erik_orc_1
D:13:     layout_grid_maze
Temple:   eino_temple_rhombus

Skill      XL: |  1  2  3  4  5  6  7  8  9 10 11 12 |
---------------+-------------------------------------+-----
Fighting       | 4 5 6 7 9 11 | 11.8
Axes           | 5 6 7 8 10 12 | 12.8
Armour         | 1 2 3 4 5 |  5.5
Invocations    | 4 8 11 13 | 13.7
Dodging        | 3 5 |  5.2
Translocations | 3 4 |  4.3
Spellcasting   | 4 |  4.2
Evocations     | 5 |  5.6
Stealth        | |  1.5

Action                   |  1- 3 |  4- 6 |  7- 9 | 10-12 || total
-------------------------+-------+-------+-------+-------++-------
Melee: Hand axe          |    93 |   103 |   301 |       ||   497
       Punch             |     4 |     1 |     5 |       ||    10
       Battleaxe         |       |       |     9 |   411 ||   420
Invok: Slouch            |       |       |       |     7 ||     7
       Bend Time         |       |       |       |     1 ||     1
Evoke: Wand              |       |       |     2 |     2 ||     4
  Use: Potion            |     1 |     2 |     6 |    14 ||    23
       Scroll            |     5 |     4 |    10 |    10 ||    29
 Stab: Sleeping          |       |       |       |     5 ||     5
       Distracted        |       |       |       |     2 ||     2
Armor: Robe              |    15 |       |       |       ||    15
       Ring mail         |     4 |    14 |       |       ||    18
       Chain mail        |       |    29 |   170 |     2 ||   201
       Steam dragon scal |       |       |       |    73 ||    73
       Troll leather arm |       |       |       |   107 ||   107
Dodge: Dodged            |    63 |    54 |   166 |   343 ||   626

Table legend: (Time is in decaauts)
 A = Elapsed time spent in this place.
 B = Non-inter-level travel time spent in this place.
 C = Inter-level travel time spent in this place.
 D = Time resting spent in this place.
 E = Time spent auto-exploring this place.
 F = Levels seen in this place.
 G = Mean time per level.
                   A        B        C        D        E       F      G
               +--------+--------+--------+--------+--------+-----+--------+
         Total |  21460 |  20762 |    698 |   6475 |  11577 |  14 | 1532.9 |
       Dungeon |  21267 |  20605 |    662 |   6475 |  11434 |  13 | 1635.9 |
        Temple |    192 |    157 |     35 |      0 |    143 |   1 |  192.0 |
               +--------+--------+--------+--------+--------+-----+--------+

Top non-repeatable levels by time:
     D:8: 3111 daAuts
     D:9: 2457 daAuts
    D:10: 2153 daAuts
    D:12: 2093 daAuts
     D:2: 2038 daAuts
    D:11: 2023 daAuts
     D:7: 1831 daAuts
     D:5: 1266 daAuts
    D:13: 1010 daAuts
     D:3: 917 daAuts
     D:1: 906 daAuts
     D:4: 844 daAuts
     D:6: 613 daAuts
  Temple: 192 daAuts
